 Dungeon Crawl Stone Soup version 0.28.0-45-g0d030f2227 (webtiles) character file.

Game seed: 1285520627820977904

413852 MisterFreud the Shatterer (level 23, -12/240 HPs)
             Began as a Naga Fighter on Apr 27, 2022.
             Was the Champion of Okawaru.
             Killed from afar by a living spell (84 damage)
             ... with a crystal spear
             ... summoned by a walking crystal tome
             ... on level 3 of the Depths.
             The game lasted 02:02:41 (69040 turns).

MisterFreud the Shatterer (Naga Fighter)           Turns: 69040, Time: 02:02:42

Health: -12/240    AC: 51    Str: 18    XL:     23   Next: 56%
Magic:  1/32       EV:  0    Int:  6    God:    Okawaru [******]
Gold:   1104       SH: 32    Dex: 20    Spells: 22/22 levels left

rFire   + . .      SeeInvis +   a - +9 eveningstar (vamp)
rCold   + . .      Faith    .   N - +18 shield of the Gong {rElec rN+ Will+ EV-5}
rNeg    + . .      Spirit   .   Z - +8 gold dragon scales
rPois   +          Reflect  .   e - +0 helmet
rElec   +          Harm     .   u - +1 cloak {Will+}
rCorr   +          Rampage  .   k - +3 Mad Mage's Maulers {Infuse+∞ RegenMP Int-3}
Will    +++++                   V - +6 lightning scales {swift, rElec}
Stlth   ..........              y - amulet "Nujua" {Acrobat rCorr Str-4 Dex+2 Slay+4}
HPRegen 0.50/turn               C - ring of willpower
MPRegen 0.63/turn               W - +4 ring of evasion

@: slow
A: AC +7, large, see invisible, deformed body, poison resistance, slowness 2,
spit poison 1, naga tail 2
}: 2/15 runes: decaying, gossamer
a: Spit Poison, Renounce Religion, Heroism, Finesse, Duel


You were on level 3 of the Depths.
You worshipped Okawaru.
Okawaru was exalted by your worship.
You visited 9 branches of the dungeon, and saw 42 of its levels.
You also visited: Ossuary.

You collected 6439 gold pieces.
You spent 5335 gold pieces at shops.

Inventory:

Hand Weapons
 a - a +9 vampiric eveningstar (weapon)
 b - a +9 morningstar of freezing
 K - a +5 vorpal demon whip
Missiles
 j - a throwing net
 m - 13 javelins
 t - 18 boomerangs
Armour
 e - a +0 helmet (worn)
 k - the +3 Mad Mage's Maulers (worn) {Infuse+∞ RegenMP Int-3}
   (You bought it in a shop on level 3 of the Elven Halls)

   It empowers its wearer's blows with all of their magic.
   It causes its wearer's magical reserves to regenerate more quickly.
   Int:       It affects your intelligence (-3).
 u - a +1 cloak of willpower (worn)
 N - the +18 shield of the Gong (worn) {rElec rN+ Will+ EV-5}
   (Okawaru gifted it to you on level 3 of the Depths)

   It is deafeningly noisy when blocking attacks.
   EV:        It affects your evasion (-5).
   rElec:     It insulates you from electricity.
   rN:        It protects you from negative energy.
   Will:      It increases your willpower.
 V - the +6 lightning scales (worn) {swift, rElec}
   (You found it on level 1 of the Vaults)

   It allows the wearer to cover ground more swiftly.
   rElec:     It insulates you from electricity.
 Z - +8 gold dragon scales (worn)
Jewellery
 q - a ring of resist corrosion
 y - the amulet "Nujua" (around neck) {Acrobat rCorr Str-4 Dex+2 Slay+4}
   (You found it on level 3 of the Elven Halls)

   [amulet of the acrobat]

   It increases your evasion while moving and waiting.
   Str:       It affects your strength (-4).
   Dex:       It affects your dexterity (+2).
   Slay:      It affects your accuracy & damage with ranged weapons and melee
   (+4).
   rCorr:     It protects you from acid and corrosion.
 C - a ring of willpower (left hand)
 W - a +4 ring of evasion (right hand)
Wands
 c - a wand of iceblast (8)
 i - a wand of flame (135)
 o - a wand of polymorph (17)
 D - a wand of paralysis (25)
 J - a wand of acid (24)
 U - a wand of digging (11)
 Y - a wand of mindburst (23)
Scrolls
 g - a scroll of enchant armour
 h - 30 scrolls of teleportation
 n - 2 scrolls of holy word
 s - 5 scrolls of amnesia
 E - 7 scrolls of fog
 G - 28 scrolls of identify
 I - 8 scrolls of fear
 L - a scroll of enchant weapon
 M - 2 scrolls of silence
 O - 6 scrolls of magic mapping
 P - a scroll of torment
 Q - 13 scrolls of blinking
Potions
 d - 6 potions of might
 f - 5 potions of flight
 l - 17 potions of curing
 p - 8 potions of heal wounds
 r - 9 potions of haste
 w - 2 potions of invisibility
 x - 4 potions of resistance
 z - 7 potions of brilliance
 A - 8 potions of mutation
 B - 5 potions of berserk rage
 F - a potion of magic
 R - 4 potions of lignification
 S - a potion of cancellation
 X - 7 potions of ambrosia
Miscellaneous
 v - a lightning rod (4/4)
 H - a tin of tremorstones (2/2)
 T - a condenser vane


   Skills:
 + Level 21.0 Fighting
 - Level 22.0 Maces & Flails
 - Level 4.3 Polearms
 - Level 15.0 Armour
 - Level 6.0 Dodging
 - Level 5.0 Stealth
 - Level 15.0 Shields
 - Level 12.0 Invocations
 - Level 10.0 Evocations


You had 22 spell levels left.
You didn't know any spells.
Your spell library contained the following spells:

 Spells                   Type           Power      Damage    Failure   Level
 Foxfire                  Conj/Fire      0%         2x1d4     100%        1
 Pain                     Necr           0%         1d4       100%        1
 Shock                    Conj/Air       0%         1d3       100%        1
 Sting                    Tmut/Pois      0%         1d3       100%        1
 Blink                    Tloc           0%         N/A       100%        2
 Ensorcelled Hibernation  Hex/Ice        0%         N/A       100%        2
 Passwall                 Tmut/Erth      0%         N/A       100%        2
 Poisonous Vapours        Pois/Air       0%         N/A       100%        2
 Static Discharge         Conj/Air       0%         N/A       100%        2
 Conjure Flame            Conj/Fire      0%         6-21      100%        3
 Gell's Gravitas          Tloc           0%         N/A       100%        3
 Ignite Poison            Fire/Tmut/Pois 0%         N/A       100%        3
 Inner Flame              Hex/Fire       0%         N/A       100%        3
 Ozocubu's Armour         Ice            0%         N/A       100%        3
 Spider Form              Tmut/Pois      0%         N/A       100%        3
 Stone Arrow              Conj/Erth      0%         3d7       100%        3
 Swiftness                Air            0%         N/A       100%        3
 Teleport Other           Tloc           0%         N/A       100%        3
 Vampiric Draining        Necr           0%         2d6       100%        3
 Airstrike                Air            0%         N/A       100%        4
 Anguish                  Hex/Necr       0%         N/A       100%        4
 Cause Fear               Hex            0%         N/A       100%        4
 Flame Wave               Conj/Fire      0%         2d4       100%        4
 Fulminant Prism          Conj/Hex       0%         3d6       100%        4
 Iskenderun's Mystic Bla  Conj/Tloc      0%         2d3       100%        4
 Leda's Liquefaction      Hex/Erth       0%         N/A       100%        4
 Olgreb's Toxic Radiance  Pois           0%         N/A       100%        4
 Passage of Golubria      Tloc           0%         N/A       100%        4
 Sticky Flame             Conj/Fire      0%         2d3       100%        4
 Agony                    Necr           0%         N/A       100%        5
 Alistair's Intoxication  Tmut/Pois      0%         N/A       100%        5
 Blade Hands              Tmut           0%         N/A       100%        5
 Excruciating Wounds      Necr           0%         N/A       100%        5
 Irradiate                Conj/Tmut      0%         3d13      100%        5
 Iskenderun's Battlesphe  Conj           0%         2d6       100%        5
 Lee's Rapid Deconstruct  Erth           0%         3d5*      100%        5
 Lightning Bolt           Conj/Air       0%         1d11      100%        5
 Manifold Assault         Tloc           0%         N/A       100%        5
 Silence                  Hex/Air        0%         N/A       100%        5
 Yara's Violent Unravell  Hex/Tmut       0%         3d3       100%        5
 Conjure Ball Lightning   Conj/Air       0%         3x3d6     100%        6
 Dispersal                Tloc           0%         N/A       100%        6
 Eringya's Noxious Bog    Tmut/Pois      0%         N/A       100%        6
 Iron Shot                Conj/Erth      0%         9d1       100%        6
 Starburst                Conj/Fire      0%         6d3       100%        6
 Statue Form              Tmut/Erth      0%         N/A       100%        6
 Dragon Form              Tmut           0%         N/A       100%        7
 Enfeeble                 Hex            0%         N/A       100%        7
 Ozocubu's Refrigeration  Ice            0%         4d5       100%        7
 Storm Form               Tmut/Air       0%         N/A       100%        7
 Discord                  Hex            0%         N/A       100%        8
 Disjunction              Tloc           0%         N/A       100%        8
 Lehudib's Crystal Spear  Conj/Erth      0%         10d2      100%        8
 Maxwell's Capacitive Co  Air            0%         ∞         100%        8
 Fire Storm               Conj/Fire      0%         5d1       100%        9
 Shatter                  Erth           0%         3d5*      100%        9
 Animate Skeleton         Necr           Unusable   N/A       N/A         1
 Summon Small Mammal      Summ           Unusable   N/A       N/A         1
 Call Canine Familiar     Summ           Unusable   N/A       N/A         3
 Summon Guardian Golem    Hex/Summ       Unusable   N/A       N/A         3
 Tukima's Dance           Hex            Unusable   N/A       N/A         3
 Summon Forest            Summ/Tloc      Unusable   N/A       N/A         5
 Spellforged Servitor     Conj/Summ      Unusable   N/A       N/A         7
 Summon Hydra             Summ           Unusable   N/A       N/A         7

Dungeon Overview and Level Annotations

Branches:
Dungeon (15/15)            Temple (1/1) D:6            Lair (6/6) D:9
  Swamp (4/4) Lair:2       Spider (4/4) Lair:2        Slime (0/5) Lair:6
    Orc (2/2) D:10            Elf (3/3) Orc:2        Vaults (4/5) D:13
  Crypt (0/3) Vaults:2     Depths (3/4) D:15        Ossuary (visited)

Altars:
Ashenzari
Cheibriados
Dithmenos
Elyvilon
Fedhas
Gozag
Hepliaklqana
Kikubaaqudgha
Makhleb
Nemelex Xobeh
Okawaru
Qazlal
Ru
Sif Muna
Trog
Uskayaw
Vehumet
Wu Jian
Xom
Yredelemnul
Zin
The Shining One
Beogh

Shops:
D:1 [   D:4 [   D:5 (   D:11 (!   Orc:2 *(*(   Elf:2 ![[   Elf:3 :*!?*
Vaults:2 *   Vaults:4 (   Depths:1 ?   Depths:2 **(*(

Portals:
Hell: Depths:1 Depths:2 Depths:3
Abyss: Swamp:3 Depths:2 Depths:3
Pandemonium: Depths:2
Trove: D:10 (give +2 fire dragon scales)

Annotations:
D:12 1 runed translucent door
Lair:3 2 transporters, Uhour's ghost, journeyman SpEn
Lair:6 1 runed translucent door
Swamp:3 2 transporters, contendunt's ghost, adept MiFi
Orc:2 3 runed translucent doors, NiggerDarts's ghost, journeyman HuFi
Depths:1 1 runed translucent door, Nerphodd's ghost, adept DgCj
Depths:2 exclusion: 2 orange crystal statues


Innate Abilities, Weirdness & Mutations

Your serpentine skin is tough. (AC +7)
You have supernaturally acute eyesight. (SInv)
Armour fits poorly on your strangely shaped body.
Your system is resistant to poisons. (rPois)
You cover ground very slowly.
You can spit poison.
You can use your snake-like lower body to constrict enemies.


Message History

You kill the iron dragon!
Okawaru accepts your kill.
Unknown command.
A titan comes into view.
The titan shouts!
The living spell casts itself at you. The crystal spear hits you!
The walking crystal tome hits you but does no damage.
You see here an iron dragon corpse.
You sock the walking crystal tome! You grab the walking crystal tome.
The walking crystal tome is lightly damaged.
You constrict the walking crystal tome, but do no damage.
The living spell casts itself at you. The crystal spear hits you!!
Unknown command.
You spit the walking crystal tome like a pig!!!
The walking crystal tome is heavily damaged.
You constrict the walking crystal tome.
The walking crystal tome erupts in a flurry of living spells!
You hit the walking crystal tome.
The walking crystal tome is heavily damaged.
You constrict the walking crystal tome.
Unknown command.
You puncture the walking crystal tome!
The walking crystal tome is severely damaged.
You constrict the walking crystal tome, but do no damage.
The walking crystal tome erupts in a flurry of living spells!
The living spell casts itself at you. The crystal spear hits you!!!!
* * * LOW HITPOINT WARNING * * *
The living spell casts itself at you. The crystal spear hits you.
* * * LOW HITPOINT WARNING * * *
Unknown command.
You feel much better.
You constrict the walking crystal tome.
You block the walking crystal tome's attack.
SHROANNG!
The living spell casts itself at you. The crystal spear hits you!!!!
You die...

###############
#.#.#.#(#.#.'.##
##.#.#.#.#(##..##
#.#.#.#[#.#(##..##
##.#[#.#.#.#[##*.##
#.#.#.#.#)#)#.##@.#
##.#.#.#.#.#.#.##;*#
#.#.#.#[#.#.#.#!##*C#
##.#.#.#.#.#.#.#.##..#
#.#.#.#}#.#.#.#.#.##..#
##.#.#.#.#.#}#.#.#.##..#
#.#)#.#.#.#.#.#.#.#.##..
#'##.#.#.#.#.#.#.#.#.##.
#..##.#.#.#.#.#.#.#.#.##


You could see a titan, a walking crystal tome and 3 living crystal spells.

Vanquished Creatures
  A dread lich (Depths:3)
  3 juggernauts (Depths:3)
  3 shard shrikes (Depths:2)
  2 caustic shrikes (Depths:3)
  Jory (Vaults:3)
  the Enchantress (Depths:2)
  Jorgrun (Orc:2)
  3 liches
  3 deep elf blademasters
  5 tentacled monstrosities (Depths:3)
  A titan (Depths:3)
  A deep elf master archer (Elf:3)
  A quicksilver dragon (Vaults:3)
  3 sphinxes
  A thorn hunter (Swamp:4)
  3 tengu reavers
  A shadow dragon (Depths:3)
  A storm dragon (Depths:3)
  A fenstrider witch (Swamp:2)
  A nargun (Depths:2)
  A nagaraja (Vaults:1)
  3 fire giants
  2 orc warlords
  2 iron dragons
  3 frost giants
  6 emperor scorpions
  5 deep elf sorcerers
  5 ghost moths
  11 vault wardens
  3 reapers
  A cacodemon (Depths:2)
  A ghoul (Swamp:1)
  3 spriggan defenders (Depths:2)
  5 deep elf elementalists (Elf:3)
  15 very ugly things
  17 ironbound preservers
  5 stone giants
  7 ironbound thunderhulks
  11 dire elephants
  6 deep elf demonologists
  11 deep elf annihilators
  Nessos (Lair:6)
  3 spark wasps
  5 entropy weavers
  A purple draconian (Vaults:1)
  A wendigo (Depths:2)
  5 eleionomae
  5 bunyips
  6 deep elf death magi
  A merfolk impaler (Depths:3)
  4 ettins
  A blizzard demon (Depths:2)
  The ghost of zurenarrh the Covert, a journeyman NaIE of Cheibriados (D:10)
  4 fire dragons
  8 great orbs of eyes
  9 deep elf high priests
  8 yaktaur captains
  6 ice dragons
  2 catoblepae
  A caustic shrike simulacrum (Depths:2)
  20 hydras
  22 vault guards
  A hydra (shapeshifter) (Vaults:1)
  3 ironbound frosthearts
  A radroach (Spider:4)
  5 rakshasas
  A hell beast (Depths:1)
  5 ghost crabs
  3 jorogumos
  4 boulder beetles
  2 spriggan air magi (Depths:2)
  16 centaur warriors
  9 alligators
  4 deep troll shamans (Depths:2)
  An ogre mage (Vaults:4)
  4 two-headed ogres
  A death knight (D:13)
  4 tengu warriors
  20 dancing weapons
  A hell hog (Depths:1)
  3 deep troll earth magi
  5 orc high priests
  9 spriggan berserkers
  5 hell knights (Depths:2)
  6 skeletal warriors
  20 deep elf knights
  2 pharaoh ants
  A sun moth (Spider:4)
  6 goliath frogs
  3 iron trolls
  5 spriggan druids
  A glowing orange brain (Depths:3)
  An orb spider (shapeshifter) (D:15)
  7 swamp dragons
  9 bog bodies
  10 deep elf archers
  4 steelbarb worms
  33 deep trolls
  3 phantasmal warriors
  14 wizards
  10 lindwurms
  4 orb spiders
  12 ironbound convokers
  35 deep elf pyromancers
  2 necromancers
  A shadow dragon zombie (Vaults:4)
  10 harpies
  30 deep elf zephyrmancers
  20 wolf spiders
  4 orc sorcerers
  39 ugly things
  6 orc knights
  5 cyclopes
  5 will-o-the-wisps
  6 manticores
  A faun (Spider:4)
  4 moths of wrath
  A rust devil (Depths:2)
  6 black mambas
  5 elephants (Lair:6)
  2 gargoyles
  2 naga magi (Vaults:4)
  17 vault sentinels
  2 unseen horrors (D:12)
  13 torpor snails
  11 cane toads
  A rime drake (shapeshifter) (Vaults:1)
  23 demonic crawlers
  7 yaktaurs
  8 komodo dragons
  A freezing wraith (D:14)
  6 rime drakes
  3 tengu conjurers
  2 golden dragon simulacra (Depths:2)
  15 meliai
  5 trolls
  3 polar bears
  A queen bee (shapeshifter) (D:15)
  Grinder (D:5)
  A queen bee (Spider:1)
  11 tyrant leeches
  35 tarantellas
  16 hornets
  35 slime creatures
  A raiju (shapeshifter) (Vaults:1)
  A slime creature (shapeshifter) (Elf:3)
  A meliai zombie (D:11)
  A snapping turtle (Spider:1)
  6 dream sheep
  32 blink frogs
  A dream sheep (shapeshifter) (Elf:3)
  A shadow (D:9)
  2 centaur simulacra
  2 air elementals
  A frost giant simulacrum (Vaults:4)
  5 spriggans
  16 culicivoras
  3 wyverns
  2 vampires
  47 jumping spiders
  A hog (shapeshifter) (Elf:3)
  43 yaks
  6 water elementals
  4 wraiths
  A fire bat (Spider:4)
  7 basilisks
  A golden eye (shapeshifter) (D:14)
  Eustachio (D:4)
  2 neqoxecs (Depths:2)
  A chaos spawn (Depths:2)
  3 fire elementals
  A human (shapeshifter) (Elf:3)
  A steam dragon (D:9)
  21 vampire mosquitoes
  Menkaure (D:7)
  60 redbacks
  Edmund (D:4)
  4 wargs (Orc:1)
  15 swamp worms
  11 water moccasins
  Duvessa (D:4)
  7 swamp drakes (Swamp:4)
  A sky beast (D:7)
  50 orc warriors
  An ice beast (shapeshifter) (Elf:3)
  An ettin simulacrum (Depths:2)
  4 necrophages
  9 wolves
  5 boggarts (Vaults:2)
  3 black bears
  8 centaurs
  14 ogres
  A phantom (D:4)
  2 kobold brigands (D:7)
  An earth elemental (Elf:2)
  12 bullfrogs
  A gnoll sergeant (D:10)
  10 scorpions
  A water moccasin zombie (D:6)
  Dowan (D:4)
  12 killer bees
  4 wights (D:6)
  6 electric eels
  A howler monkey (D:10)
  3 jellies (Lair:6)
  6 centaur zombies
  A bullfrog zombie (D:4)
  5 human zombies
  29 orc priests
  A centaur skeleton (D:5)
  5 hounds
  Crazy Yiuf (D:2)
  4 gnoll shamans (D:7)
  28 orc wizards
  7 scorpion zombies (Ossuary)
  Natasha (thrice) (D:4)
  2 iguanas
  Terence (D:2)
  A hound skeleton (D:5)
  3 mummies (Ossuary)
  Robin (D:4)
  16 gnolls
  3 adders
  A shadow imp (D:8)
  3 white imps
  An adder zombie (D:5)
  An adder skeleton (D:4)
  2 worms
  3 dart slugs
  69 orcs
  10 ball pythons
  7 endoplasms
  3 giant cockroaches
  A gnoll zombie (Ossuary)
  9 hobgoblins
  7 jackals
  5 quokkas
  3 bats
  4 frilled lizards
  15 goblins
  A goblin zombie (Ossuary)
  3 hobgoblin zombies (Ossuary)
  2 kobolds
  A kobold zombie (Ossuary)
  An orc zombie (Ossuary)
  9 rats
  A briar patch (Swamp:4)
1678 creatures vanquished.

Vanquished Creatures (others)
  A stone giant (Depths:3)
  3 deep elf knights (Elf:2)
  A deep elf zephyrmancer (Elf:2)
  A bloated husk (Swamp:2)
  2 blink frogs (Lair:6)
  A tyrant leech (Swamp:1)
  A spriggan (Depths:2)
  2 briar patches (Swamp:4)
  26 foxfires
  14 fungi
  62 plants
114 creatures vanquished.

Grand Total: 1792 creatures vanquished

Notes
Turn   | Place    | Note
-------+----------+-------------------------------------------
     0 | D:1      | MisterFreud the Naga Fighter began the quest for the Orb.
     0 | D:1      | Reached XP level 1. HP: 21/21 MP: 1/1
   106 | D:1      | Reached XP level 2. HP: 28/28 MP: 2/2
   375 | D:1      | Found Xead's Armour Shop.
   525 | D:1      | Reached XP level 3. HP: 34/34 MP: 3/3
  1036 | D:2      | Noticed Terence
  1046 | D:2      | Killed Terence
  1047 | D:2      | Reached XP level 4. HP: 4/42 MP: 4/4
  1388 | D:2      | Identified the +8 mace "Xylahel" {drain, rPois rN+ Int+4}
  1442 | D:2      | Found a runed translucent door.
  1443 | D:2      | Noticed Crazy Yiuf
  1493 | D:2      | Reached skill level 1 in Maces & Flails
  1834 | D:2      | Reached skill level 2 in Maces & Flails
  1945 | D:2      | Reached XP level 5. HP: 49/49 MP: 5/5
  2107 | D:2      | Found a faded altar of an unknown god.
  2442 | D:2      | Killed Crazy Yiuf
  2443 | D:2      | Reached skill level 3 in Maces & Flails
  3437 | D:3      | Noticed a necrophage
  3449 | D:3      | Killed a necrophage
  3450 | D:3      | Reached skill level 4 in Maces & Flails
  3450 | D:3      | Reached XP level 6. HP: 52/56 MP: 4/6
  3875 | D:4      | Noticed Robin
  3886 | D:3      | Reached skill level 5 in Maces & Flails
  4075 | D:4      | Found a glowing golden altar of the Shining One.
  4089 | D:3      | Reached XP level 7. HP: 13/62 MP: 2/7
  4428 | D:4      | Killed Robin
  4443 | D:4      | Noticed Edmund
  4457 | D:4      | Killed Edmund
  4458 | D:4      | Reached skill level 6 in Maces & Flails
  4498 | D:4      | Noticed Duvessa
  4499 | D:4      | Noticed Natasha
  4507 | D:4      | Killed Natasha
  4527 | D:4      | Noticed Dowan
  4605 | D:4      | Killed Duvessa
  4606 | D:4      | Reached skill level 7 in Maces & Flails
  4610 | D:4      | Killed Dowan
  4834 | D:4      | Noticed Eustachio
  4862 | D:4      | Killed Eustachio
  4863 | D:4      | Reached XP level 8. HP: 44/69 MP: 8/8
  5076 | D:4      | Reached skill level 8 in Maces & Flails
  5393 | D:4      | Found Hadad's Dragon-Slaying Spoils.
  5529 | D:4      | Noticed Natasha
  5533 | D:4      | Killed Natasha
  5615 | D:5      | Entered Level 5 of the Dungeon
  5737 | D:5      | Noticed Grinder
  5759 | D:5      | Killed Grinder
  5847 | D:5      | Reached skill level 9 in Maces & Flails
  6023 | D:5      | Found Roduaz's Weapon Emporium.
  6053 | D:5      | Reached skill level 5 in Shields
  6053 | D:5      | Reached XP level 9. HP: 73/75 MP: 9/9
  6090 | D:5      | Found an ornate altar of the Wu Jian Council.
  7270 | D:6      | Found a staircase to the Ecumenical Temple.
  7323 | Temple   | Entered the Ecumenical Temple
  7391 | Temple   | Became a worshipper of Warmaster Okawaru
  7437 | D:6      | Found a sparkling altar of Nemelex Xobeh.
  7519 | D:7      | Found a blossoming altar of Fedhas.
  7678 | D:7      | Reached skill level 1 in Invocations
  8036 | D:7      | Reached skill level 5 in Fighting
  8206 | D:7      | Reached * piety under Okawaru
  8640 | D:7      | Noticed Menkaure
  8646 | D:7      | Killed Menkaure
  8647 | D:7      | Reached XP level 10. HP: 55/91 MP: 6/13
  9071 | D:7      | Reached skill level 5 in Armour
  9556 | D:8      | Found a sand-covered staircase.
  9563 | Ossuary  | Entered an ossuary
  9579 | Ossuary  | Reached skill level 5 in Invocations
  9620 | Ossuary  | Reached ** piety under Okawaru
 10101 | D:8      | Reached *** piety under Okawaru
 10106 | D:8      | Reached skill level 1 in Stealth
 10988 | D:9      | Reached skill level 5 in Stealth
 10988 | D:9      | Reached skill level 1 in Evocations
 11389 | D:9      | Noticed a manticore
 11397 | D:9      | Killed a manticore
 11397 | D:9      | Reached **** piety under Okawaru
 11505 | D:9      | Found a hazy altar of Hepliaklqana.
 11617 | D:9      | Noticed a centaur warrior
 11629 | D:9      | Killed a centaur warrior
 11629 | D:9      | Reached ***** piety under Okawaru
 11630 | D:9      | Reached skill level 5 in Evocations
 11630 | D:9      | Reached XP level 11. HP: 40/97 MP: 17/17
 11987 | D:9      | Found a shadowy altar of Dithmenos.
 11991 | D:9      | Found a bloodstained altar of Trog.
 11991 | D:9      | Found a shimmering altar of Xom.
 11992 | D:9      | Found a shimmering blue altar of Sif Muna.
 11993 | D:9      | Found a snail-covered altar of Cheibriados.
 12452 | D:9      | Found a staircase to the Lair.
 12589 | D:10     | Entered Level 10 of the Dungeon
 12620 | D:10     | Found a runed translucent door.
 12979 | D:10     | Found a staircase to the Orcish Mines.
 13490 | D:10     | Reached skill level 5 in Dodging
 13859 | D:10     | Noticed a two-headed ogre
 13869 | D:10     | Killed a two-headed ogre
 13869 | D:10     | Reached ****** piety under Okawaru
 14100 | D:10     | Reached skill level 10 in Invocations
 14450 | D:10     | Found a portal to a secret trove of treasure.
 14464 | D:10     | Received a gift from Okawaru
 14878 | D:10     | Reached XP level 12. HP: 92/105 MP: 20/20
 15043 | D:10     | Noticed zurenarrh's ghost (journeyman NaIE)
 15278 | D:11     | Noticed a two-headed ogre
 15289 | D:11     | Killed a two-headed ogre
 15902 | D:11     | Found Otzuadats's Distillery.
 15905 | D:11     | Bought a potion of might for 52 gold pieces
 15905 | D:11     | Bought a potion of invisibility for 104 gold pieces
 16447 | D:11     | Found Jadus's Antique Weapon Shoppe.
 17388 | D:12     | Identified the +5 hand axe "Pilearch" {protect, rF- rC++
                  | Dex+8}
 17459 | D:12     | Noticed a boulder beetle
 17470 | D:12     | Killed a boulder beetle
 17893 | D:12     | Noticed an eight-headed hydra
 17919 | D:12     | Killed an eight-headed hydra
 18277 | D:12     | Found a runed translucent door.
 18287 | D:12     | Reached skill level 10 in Fighting
 18447 | D:12     | Noticed a fire giant
 18640 | Lair:1   | Entered Level 1 of the Lair of Beasts
 18645 | Lair:1   | Received a gift from Okawaru
 18828 | Lair:1   | Identified the +3 barding of the Wilderness {rF- Regen+
                  | Str+2 Int+3} (Okawaru gifted it to you on level 1 of the
                  | Lair of Beasts)
 18828 | Lair:1   | Received a gift from Okawaru
 19136 | Lair:1   | Gained mutation: You can use your snake-like lower body to
                  | constrict enemies. [Naga growth]
 19136 | Lair:1   | Reached XP level 13. HP: 116/123 MP: 22/22
 19733 | Lair:2   | Reached skill level 10 in Maces & Flails
 20030 | Lair:2   | Found a hole to the Spider Nest.
 20090 | Lair:2   | Found a staircase to the Swamp.
 21116 | Lair:3   | Noticed Uhour's ghost (journeyman SpEn)
 21389 | Lair:3   | Received a gift from Okawaru
 21409 | Lair:3   | Found a transporter.
 21410 | Lair:3   | Found a transporter.
 21931 | Lair:4   | Reached skill level 11 in Maces & Flails
 22733 | D:4      | Noticed Natasha
 22739 | D:4      | Killed Natasha
 22757 | D:4      | Bought +0 gold dragon scales for 1120 gold pieces
 23650 | Lair:5   | Reached XP level 14. HP: 132/132 MP: 23/23
 23832 | Lair:6   | Entered Level 6 of the Lair of Beasts
 23907 | Lair:6   | Noticed Nessos
 23940 | Lair:6   | Killed Nessos
 23940 | Lair:6   | Identified the +2 kite shield "Ziusu" {*Corrode rC+ Str+6
                  | Stlth+} (Okawaru gifted it to you on level 6 of the Lair of
                  | Beasts)
 23940 | Lair:6   | Received a gift from Okawaru
 24199 | Lair:6   | Reached skill level 12 in Maces & Flails
 24262 | Lair:6   | Found a staircase to the Slime Pits.
 24517 | Lair:6   | Found a runed translucent door.
 24740 | Lair:6   | Identified the +1 ring mail of Okawaru's Inspiration
                  | {Stlth+} (Okawaru gifted it to you on level 6 of the Lair
                  | of Beasts)
 24740 | Lair:6   | Received a gift from Okawaru
 25505 | D:13     | Found a gate to the Vaults.
 25740 | D:13     | Reached XP level 15. HP: 77/138 MP: 24/24
 25832 | D:13     | Reached skill level 13 in Maces & Flails
 26615 | D:14     | Identified the +4 barding of the Guardian {rN+ Str+5
                  | Stlth+} (Okawaru gifted it to you on level 14 of the
                  | Dungeon)
 26615 | D:14     | Received a gift from Okawaru
 26983 | D:14     | Reached skill level 10 in Shields
 26989 | D:14     | Reached skill level 10 in Armour
 28028 | D:15     | Entered Level 15 of the Dungeon
 28039 | D:15     | Reached skill level 14 in Maces & Flails
 29511 | D:15     | Received a gift from Okawaru
 29570 | D:15     | Found a staircase to the Depths.
 30031 | Orc:1    | Entered Level 1 of the Orcish Mines
 30456 | Orc:2    | Entered Level 2 of the Orcish Mines
 30472 | Orc:2    | Noticed an orc warlord
 30717 | Orc:1    | Killed an orc warlord
 30822 | Orc:2    | Noticed an orc warlord
 31539 | Orc:2    | Reached XP level 16. HP: 87/152 MP: 18/25
 31976 | Orc:2    | Found a runed translucent gate.
 31976 | Orc:2    | Found a runed translucent gate.
 31986 | Orc:2    | Identified the +3 plate armour of Insatiable Hunger {rPois
                  | rC++ Dex-5 Stlth+}
 32419 | Orc:2    | Found a runed translucent gate.
 32456 | Orc:2    | Identified the +0 plate armour of Amelioration {rN+}
 32501 | Orc:2    | Identified the +4 shortbow of Defiance {speed, Str+8 Int-3}
 32546 | Orc:2    | Identified the +8 scythe "Xurph" {freeze, Dex+3}
 32700 | Orc:2    | Found Gigh's General Store.
 32700 | Orc:2    | Found Fieri's General Store.
 32706 | Orc:2    | Found Sobei's Weapon Boutique.
 32723 | Orc:2    | Found Vuffavve's Weapon Shop.
 32877 | Orc:2    | Bought a scroll of teleportation for 30 gold pieces
 32878 | Orc:2    | Bought a potion of haste for 150 gold pieces
 32976 | Orc:2    | Noticed Jorgrun
 32994 | Orc:2    | Killed Jorgrun
 33062 | Orc:2    | Found a staircase to the Elven Halls.
 33228 | Orc:2    | Noticed NiggerDarts's ghost (journeyman HuFi)
 33235 | Orc:2    | Identified the ring of Gerphir {Ice Dex+2}
 33631 | Orc:1    | You fall into a shaft and drop 1 floor!
 33914 | Spider:1 | Entered Level 1 of the Spider Nest
 34053 | Spider:1 | Identified the +1 barding of Melancholy {rF- rC+ Dex+3
                  | Stlth+} (Okawaru gifted it to you on level 1 of the Spider
                  | Nest)
 34053 | Spider:1 | Received a gift from Okawaru
 34527 | D:5      | Bought a +1 morningstar of holy wrath for 170 gold pieces
 37339 | Spider:2 | Received a gift from Okawaru
 38479 | Spider:2 | Reached skill level 10 in Evocations
 38506 | Spider:2 | Reached XP level 17. HP: 123/168 MP: 23/26
 39513 | Spider:3 | Received a gift from Okawaru
 39514 | Spider:3 | Reached skill level 15 in Fighting
 40942 | Spider:4 | Entered Level 4 of the Spider Nest
 41088 | Spider:4 | Identified the +2 barding "Tikupn" {rC- Regen+ Str+5 Dex+3}
                  | (Okawaru gifted it to you on level 4 of the Spider Nest)
 41088 | Spider:4 | Received a gift from Okawaru
 42794 | Spider:4 | Got a gossamer rune of Zot
 43085 | Swamp:1  | Entered Level 1 of the Swamp
 43290 | Swamp:1  | Received a gift from Okawaru
 43612 | Swamp:1  | Reached XP level 18. HP: 188/188 MP: 24/27
 44214 | Swamp:2  | Received a gift from Okawaru
 45613 | Swamp:3  | Identified the ring of Meikh {Will+ MP+9 Str-2 Int+4}
 45701 | Swamp:3  | Found a transporter.
 45709 | Swamp:3  | Found a transporter.
 45776 | Swamp:3  | Found a one-way gate to the infinite horrors of the Abyss.
 45776 | Swamp:3  | Noticed contendunt's ghost (adept MiFi)
 45983 | Swamp:4  | Entered Level 4 of the Swamp
 46069 | Swamp:4  | Identified the +0 barding of the Bull {rC+++ Int+4 Dex-2
                  | Stlth+} (Okawaru gifted it to you on level 4 of the Swamp)
 46069 | Swamp:4  | Received a gift from Okawaru
 46935 | Swamp:4  | Reached skill level 15 in Maces & Flails
 47227 | Swamp:4  | Got a decaying rune of Zot
 47688 | Vaults:1 | Entered Level 1 of the Vaults
 47775 | Vaults:1 | Identified the +1 scale mail of Purpose {Int+2} (Okawaru
                  | gifted it to you on level 1 of the Vaults)
 47775 | Vaults:1 | Received a gift from Okawaru
 48238 | Vaults:1 | Reached XP level 19. HP: 180/202 MP: 22/28
 48371 | Vaults:1 | Reached skill level 16 in Maces & Flails
 48889 | Vaults:1 | Received a gift from Okawaru
 49052 | Vaults:1 | Reached skill level 17 in Maces & Flails
 49120 | Vaults:1 | Received a gift from Okawaru
 49544 | Vaults:1 | Found the +6 lightning scales {swift, rElec}
 49566 | Vaults:1 | Reached skill level 18 in Maces & Flails
 49567 | Vaults:1 | Identified the +8 chain mail "Niuwa" {Regen+ Str+4 Int+6
                  | Stlth-} (Okawaru gifted it to you on level 1 of the Vaults)
 49567 | Vaults:1 | Received a gift from Okawaru
 49810 | Vaults:1 | Identified the +4 battleaxe "Pyq Weki" {vorpal, Dex+2}
 49957 | Vaults:1 | Got Ziafumeh's Guide on the Ghastly Rocks
 50716 | Vaults:2 | Reached skill level 19 in Maces & Flails
 50918 | Vaults:2 | Received a gift from Okawaru
 50919 | Vaults:2 | Reached XP level 20. HP: 78/211 MP: 13/29
 51817 | Vaults:2 | Found Cuitsefa's Assorted Antiques.
 52267 | Vaults:2 | Found a staircase to the Crypt.
 52267 | Vaults:2 | Found a basalt altar of Yredelemnul.
 52267 | Vaults:2 | Found an ancient bone altar of Kikubaaqudgha.
 52429 | Vaults:3 | Reached skill level 20 in Maces & Flails
 52592 | Vaults:3 | Noticed Jory
 52609 | Vaults:3 | Killed Jory
 52796 | Vaults:3 | Identified the +0 barding of the Pits of Slime {rElec rF+
                  | rN+ Dex+4} (Okawaru gifted it to you on level 3 of the
                  | Vaults)
 52796 | Vaults:3 | Received a gift from Okawaru
 53748 | Vaults:3 | Reached skill level 21 in Maces & Flails
 55098 | Vaults:4 | Received a gift from Okawaru
 55265 | Vaults:4 | Found Aceitoma's Antique Weapon Shop.
 55298 | Vaults:4 | Reached skill level 22 in Maces & Flails
 55754 | Vaults:4 | Reached XP level 21. HP: 78/219 MP: 17/30
 55758 | Vaults:4 | Received a gift from Okawaru
 56847 | Vaults:4 | Found a radiant altar of Vehumet.
 56860 | Vaults:4 | Identified the +3 robe of Zixyn {Fly rN+ Str+2 Dex-2}
 56861 | Vaults:4 | Identified the +2 hat of Beyond {rF+}
 56862 | Vaults:4 | Identified the +2 robe "Uthatoat" {rF+ Stlth+}
 56887 | Vaults:4 | Found the +3 robe of Clouds {*Thunder rCloud rElec}
 56892 | Vaults:4 | Identified the +0 hat "Josuog" {Dex+3}
 57703 | Elf:1    | Entered Level 1 of the Elven Halls
 59340 | Elf:2    | Paralysed by an air elemental for 1 turns
 59346 | Elf:1    | Paralysed by an air elemental for 1 turns
 59799 | Elf:2    | Identified the +0 helmet "Qugoxiofet" {*Corrode rElec Will-
                  | Int+9} (Okawaru gifted it to you on level 2 of the Elven
                  | Halls)
 59799 | Elf:2    | Received a gift from Okawaru
 59911 | Elf:2    | Found a runed translucent gate.
 59912 | Elf:2    | Found a runed translucent gate.
 59912 | Elf:2    | Found a runed translucent gate.
 59943 | Elf:2    | Found Heleall's Antique Armour Emporium.
 59945 | Elf:2    | Found Celesux's Antique Armour Shoppe.
 59965 | Elf:2    | Found Niariown's Distillery.
 60085 | Elf:2    | Bought 2 potions of haste for 240 gold pieces
 60085 | Elf:2    | Bought a potion of haste for 120 gold pieces
 61705 | Elf:3    | Entered Level 3 of the Elven Halls
 61855 | Elf:3    | Found Louxoynu's General Store.
 61865 | Elf:3    | Bought a scroll of brand weapon for 420 gold pieces
 61893 | Elf:3    | Reached XP level 22. HP: 228/228 MP: 27/31
 61910 | Elf:3    | Got Gisieli's Catalogue of the Blaze
 61953 | Elf:3    | Received a gift from Okawaru
 62273 | Elf:3    | Identified the +1 ring mail of Yredelemnul's Outrage {rPois
                  | Int+4 Stlth+}
 62281 | Elf:3    | Identified the +9 battleaxe of Iduitt {vorpal, rElec rPois
                  | rCorr Str-5}
 62295 | Elf:3    | Received a gift from Okawaru
 62296 | Elf:3    | Found the +10 morningstar "Eos" {elec, Halo rElec}
 62380 | Elf:3    | Identified the ring "Leow" {rElec rPois rF+ rC- SInv}
 62387 | Elf:3    | Identified the ring of Rusefana {Wiz rN+}
 62418 | Elf:3    | Got Xyqaci Wono's Guide on Enthralling Arcane Weapons
 62428 | Elf:3    | Identified the ring of Miracles {rElec rF+}
 62436 | Elf:3    | Identified the amulet "Nujua" {Acrobat rCorr Str-4 Dex+2
                  | Slay+4}
 62543 | Elf:3    | Got the Catalogue of Torrid Evil
 62546 | Elf:3    | Found Lituurac's Distillery.
 62556 | Elf:3    | Bought a potion of cancellation for 144 gold pieces
 62556 | Elf:3    | Bought a potion of heal wounds for 90 gold pieces
 62556 | Elf:3    | Bought a potion of invisibility for 144 gold pieces
 62556 | Elf:3    | Bought a potion of haste for 180 gold pieces
 62561 | Elf:3    | Found Wejitaorph's Book Emporium.
 62776 | Elf:3    | Found Kast's Magic Scroll Shoppe.
 62784 | Elf:3    | Bought a scroll of teleportation for 54 gold pieces
 62784 | Elf:3    | Bought a scroll of blinking for 135 gold pieces
 62784 | Elf:3    | Bought a scroll of blinking for 135 gold pieces
 62987 | Elf:3    | Found Feysenie's Assorted Antiques.
 62993 | Elf:3    | Bought the +3 Mad Mage's Maulers {Infuse+∞ RegenMP Int-3}
                  | for 1720 gold pieces
 62993 | Elf:3    | Found the +3 Mad Mage's Maulers {Infuse+∞ RegenMP Int-3}
 63358 | Depths:1 | Entered Level 1 of the Depths
 63522 | D:10     | Killed zurenarrh's ghost
 63614 | Orc:2    | Bought a scroll of enchant weapon for 75 gold pieces
 64268 | Depths:1 | Noticed Nerphodd's ghost (adept DgCj)
 64269 | Depths:1 | Found a runed translucent door.
 64525 | Depths:1 | Found a gateway to Hell.
 64675 | Depths:1 | Found Reytrap's Magic Scroll Boutique.
 64683 | Depths:1 | Bought a scroll of teleportation for 51 gold pieces
 64683 | Depths:1 | Bought a scroll of teleportation for 51 gold pieces
 64978 | Depths:1 | Found a bloodstained altar of Trog.
 65751 | Depths:2 | Noticed the Enchantress
 65766 | Depths:2 | Killed the Enchantress
 65840 | Depths:2 | Found Piyqaer's Antique Weapon Emporium.
 65855 | Depths:2 | Found a snail-covered altar of Cheibriados.
 66386 | Depths:2 | Found a one-way gate leading to the halls of Pandemonium.
 66554 | Depths:2 | Found Ucke's Antique Weapon Emporium.
 66557 | Depths:2 | Found Plog's Assorted Antiques.
 66557 | Depths:2 | Found Oxoken's General Store.
 66560 | Depths:2 | Found Appueggul's General Store.
 66571 | Depths:2 | Bought 2 scrolls of enchant weapon for 150 gold pieces
 66599 | Depths:2 | Noticed a shard shrike
 66599 | Depths:2 | Noticed a shard shrike
 66600 | Depths:2 | Noticed a shard shrike
 66607 | Depths:2 | Killed a shard shrike
 66608 | Depths:2 | Killed a shard shrike
 66609 | Depths:2 | Killed a shard shrike
 67122 | Depths:2 | Reached XP level 23. HP: 235/235 MP: 1/32
 67125 | Depths:2 | Paralysed by a wendigo for 1 turns
 68245 | Depths:3 | Received a gift from Okawaru
 68245 | Depths:3 | Found the +18 shield of the Gong {rElec rN+ Will+ EV-5}
 68245 | Depths:3 | Noticed a caustic shrike
 68253 | Depths:3 | Killed a caustic shrike
 68264 | Depths:3 | Noticed a juggernaut
 68278 | Depths:3 | Killed a juggernaut
 68312 | Depths:3 | Noticed a juggernaut
 68327 | Depths:3 | Killed a juggernaut
 68330 | Depths:3 | Identified the +0 kite shield "Amief Cipn" {Harm *Corrode
                  | rC+ Str+4}
 68481 | Depths:3 | Got the Compendium of Viperous Ignition
 68489 | Depths:3 | Noticed a dread lich
 68500 | Depths:3 | Killed a dread lich
 68501 | Depths:3 | Reached skill level 15 in Armour
 68501 | Depths:3 | Reached skill level 15 in Shields
 68532 | Depths:3 | Noticed a juggernaut
 68546 | Depths:3 | Killed a juggernaut
 68554 | Depths:3 | Noticed a caustic shrike
 68576 | Depths:3 | Killed a caustic shrike
 69040 | Depths:3 | Killed from afar by a living spell

Illustrated notes

Levels and vault maps discovered:
D:1:      roderic_crossed_star, layout_basic, serial_shops, shop, chequers_jeans
D:2:      kennysheep_big_flooded_room, layout_loops_ring,
          shapermc_ecumenical_altar_mp_vishouse, grunt_ministairs_1,
          uniq_terence, uniq_crazy_yiuf_cottage
D:3:      layout_loops_corners, serial_co_window_serial, co_window_corner_a,
          co_window_paths_a, co_window_paths_a, co_window_corner_a,
          co_window_paths_b, co_window_of_opportunity_a, co_window_paths_a,
          co_window_paths_c, co_window_2corner, co_window_broadway_b,
          co_window_corner_cb, glass_columns_a, glass_columns_b, glass_columns_b
D:4:      layout_cave_pools, amcnicky_altar_gilded, nicolae_shop_dragon_depot,
          kennysheep_big_empty_room, kennysheep_generic_room_16, uniq_duvessa,
          uniq_robin, uniq_eustachio, uniq_natasha, uniq_edmund
D:5:      layout_basic, pdpol_wu_jian_five_deadly_venoms, serial_shops,
          nicolae_inconvenience_store, uniq_grinder
D:6:      black_bear_nest_1, layout_rooms, nemelex_spade_bored_becter,
          minmay_temple_entry_antechambers
D:7:      kennysheep_seaside_town, layout_gridville,
          mainiacjoe_overflow_24_doors, uniq_menkaure
D:8:      layout_basic, nicolae_ossuary_entry_ruins
D:9:      layout_rooms, minitemple, worldfamousw_hep_ancestral_shrine,
          erik_lair_dragon
D:10:     minmay_inner_zag, layout_small_grid, david_orc_4,
          ebering_ghost_reflecting_pool, nicolae_trove_entry_free_sample,
          hangedman_decor_opposing, amethyst_killhole
D:11:     layout_loops_corners, serial_shops, kennysheep_mini_moat,
          nicolae_lakefront_shop, nrook_campfire
D:12:     layout_roguey, wad_hexagon
D:13:     layout_grid_maze, erik_vaults_2, roderic_three_in_a_row,
          grunt_decor_resistance
D:14:     layout_basic, serial_curves, eino_curves_03, eino_curves_03
D:15:     gammafunk_enter_depths_forms, layout_loops_ring
Temple:   hc_temple_tempest_star
Lair:1:   layout_regular_city, nicolae_quartered_pool_super,
          gammafunk_lair_bear_cave
Lair:2:   layout_layer_cave, minmay_swamp_entry_wisps, spider_nest_entry_rubble
Lair:3:   layout_loops_ring, nzn_ghost_randoct
Lair:4:   layout_regular_city
Lair:5:   layout_small_grid, serial_bayou_lagoon_a
Lair:6:   wormcave, layout_big_grid, nicolae_slime_entry_slimehenge,
          columned_hall_lemuel, uniq_nessos
Swamp:1:  layout_basic_swamp, infiniplex_staircase_pool_2, swamp_pool4
Swamp:2:  layout_basic_swamp, evilmike_swamp_ruin_rubble_1,
          cheibrodos_swamp_witchery
Swamp:3:  layout_basic_swamp, gammafunk_ghost_abyssal_escape,
          hangedman_swamp_pad, infiniplex_staircase_pool
Swamp:4:  swamp_alternative, layout_basic_swamp
Spider:1: cheibrodos_forgotten_conduit, nicolae_looking_at_the_future
Spider:2: layout_cave_pods, worms_lemuel, hangedman_spider_tarantella_strand
Spider:3: nicolae_spider_jumping_over_cracks [nicolae_spider_jumping_sub_lake,
          nicolae_spider_jumping_sub_no_exit, nicolae_spider_jumping_sub_notch,
          nicolae_spider_jumping_sub_grid]
Spider:4: spider_rune_water
Orc:1:    layout_caves
Orc:2:    st_orc_mages, layout_caves, biasface_ghost_orc_armoury,
          minmay_orc_treasury, uniq_jorgrun
Elf:1:    minmay_elf_arrival_summoners, layout_geoelf_diagonals,
          mu_enter_wizlab_1, hangedman_elf_represent
Elf:2:    nicolae_elf_blades_crystal_corner, layout_geoelf_grid,
          minmay_shop_star
Elf:3:    minmay_elf_hall_x, layout_loops_cross, serial_shops,
          nicolae_square_shop, shop, nicolae_shop_stone, shop, shop,
          serial_sigils_hangedman_shear, nicolae_elf_shapeshifter_party
Vaults:1: vaults_room_ringed_pool, nicolae_vaults_asterisk,
          nicolae_vaults_diagonal_hallway_6, nicolae_vaults_circle_grid_b,
          serial_ice_g, st_greater_box_2, nicolae_vaults_theta,
          dpeg_vaults_monster_box, v_misc_10, vaults_room_corners,
          grunt_vaults_hallway_short, nicolae_vaults_mini_display_case,
          hangedman_vaults_maws, layout_vaults_omnibox
Vaults:2: minmay_crypt_entry_necro_gods, vaults_room_pools, v_misc_2, v_misc_9,
          vaults_room_hallway, hangedman_vaults_corner,
          nicolae_vaults_specimen_jars, v_misc_11, vaults_dpeg_hooks,
          layout_vaults_omnigrid, serial_shops, nicolae_shop_stone
Vaults:3: v_misc_16, ontoclasm_vaults_echo, ontoclasm_vaults_fault, v_rooms_3,
          v_misc_19, hangedman_vaults_locks, vaults_mumra_lcd, v_misc_2,
          nicolae_vaults_little_squares_6, v_misc_10, nicolae_vaults_alarming,
          ontoclasm_vaults_twist, layout_vaults_omnicross, uniq_jory
Vaults:4: nicolae_vaults_triangles, grunt_tower_of_power, vaults_room_fours,
          ontoclasm_vaults_shuriken, ontoclasm_vaults_misaligned, v_misc_15,
          nicolae_vaults_circle_grid_a, vaults_room_large_hall,
          nicolae_vaults_three_branches, ontoclasm_vaults_pinch,
          vaults_mumra_minichess, v_pattern_3, v_rooms_2,
          nicolae_vaults_little_squares_5, layout_vaults_maze, serial_shops,
          nicolae_shop_statue_plus, serial_hangedman_research,
          hangedman_research_quantum
Depths:1: layout_honeycomb, grunt_mini_vestibule,
          muffindrake_ghost_three_little_ghosts, serial_shops,
          nicolae_diamond_shop, minmay_misc_feat_pillars,
          minmay_misc_feat_diagonals, nrook_loot_triangle,
          evilmike_spriggan_trog_shrine
Depths:2: dreamdust_isle_of_ice, layout_gridville, rand_demon_pan_entry_7,
          hell_entry, abyss_entry, cheibriados_altar_1, serial_shops,
          nicolae_shop_crystal, minmay_staircase_bubble, minmay_shoptagon,
          uniq_enchantress
Depths:3: angbandy_vault, layout_gridlike, hell_entry, abyss_entry,
          infiniplex_staircase_river, minmay_shop_grove

Skill      XL: |  1  2  3  4  5  6  7  8  9 10 11 12 13 14 15 16 17 18 19 20 21 22 23 |
---------------+----------------------------------------------------------------------+-----
Polearms       | 3 4 |  4.3
Maces & Flails | 2 4 5 7 9 11 12 14 15 19 22 | 22.0
Shields        | 5 7 9 10 12 14 15 | 15.0
Armour         | 4 5 7 9 10 12 14 15 | 15.0
Fighting       | 5 6 10 12 14 18 20 21 | 21.0
Invocations    | 4 8 11 12 | 12.0
Stealth        | 5 |  5.0
Evocations     | 5 10 | 10.0
Dodging        | 2 5 6 |  6.0

Action                   |  1- 3 |  4- 6 |  7- 9 | 10-12 | 13-15 | 16-18 | 19-21 | 22-24 || total
-------------------------+-------+-------+-------+-------+-------+-------+-------+-------++-------
Melee: Trident           |    39 |    14 |       |       |       |       |       |       ||    53
       Mace              |       |    70 |   270 |   798 |  1140 |   386 |       |       ||  2664
       Constrict         |       |       |       |       |   235 |   277 |   238 |    74 ||   824
       Morningstar       |       |       |       |       |       |   863 |  1224 |    63 ||  2150
       Eveningstar       |       |       |       |       |       |       |       |   490 ||   490
Throw: Stone             |       |       |     2 |       |       |       |       |       ||     2
       Dart              |       |       |       |     2 |     2 |       |       |       ||     4
Invok: Heroism           |       |       |     1 |     5 |    13 |     5 |     8 |     1 ||    33
       Finesse           |       |       |       |     1 |     2 |     2 |     1 |       ||     6
 Abil: Spit Poison       |    19 |    23 |    29 |    22 |    37 |       |       |       ||   130
Evoke: Wand              |       |       |     1 |     3 |    11 |    14 |       |    11 ||    40
       Condenser vane    |       |       |       |       |       |     5 |     4 |     4 ||    13
       Tin of tremorston |       |       |       |       |       |       |     4 |     3 ||     7
  Use: Potion            |       |     2 |       |     3 |     1 |     1 |       |     1 ||     8
       Scroll            |       |     5 |    10 |     8 |     6 |    16 |     8 |     8 ||    61
 Stab: Distracted        |       |       |       |       |     1 |     1 |       |       ||     2
       Invisible         |       |       |       |       |       |     4 |       |       ||     4
       Petrifying        |       |       |       |       |       |     2 |       |       ||     2
       Confused          |       |       |       |       |       |     3 |       |       ||     3
Armor: Scale mail        |    14 |     9 |       |       |       |       |       |       ||    23
       Chain mail        |       |    41 |   151 |   532 |   145 |       |       |       ||   869
       Gold dragon scale |       |       |       |       |   639 |  1172 |   797 |   356 ||  2964
Dodge: Dodged            |    12 |    24 |    52 |   164 |   270 |   442 |   235 |   125 ||  1324
Block: Buckler           |     7 |    21 |    10 |       |       |       |       |       ||    38
       Kite shield       |       |       |   112 |   412 |   811 |  1167 |   704 |   496 ||  3702
